 Dungeon Crawl Stone Soup version 0.21-a0-137-g951aa02 (webtiles) character file.

1590956 nublet the Slayer (level 27, 244/244 HPs)
             Began as a Formicid Abyssal Knight on July 17, 2017.
             Was the Champion of Lugonu.
             Escaped with the Orb
             ... and 3 runes on July 18, 2017!
             The game lasted 04:48:50 (74372 turns).

nublet the Slayer (Formicid Abyssal Knight)        Turns: 74372, Time: 04:48:51

Health: 244/244    AC: 28    Str: 24    XL:     27
Magic:  25/28      EV: 26    Int: 12    God:    Lugonu [******]
Gold:   2856       SH: 22    Dex: 15    Spells: 15/26 levels left

rFire    + + .     SeeInvis +   R - +9 battleaxe (distort)
rCold    + + .     Gourm    .   F - +5 shield of Xiolug {rF- rC++ Int-3 Slay+6}
rNeg     . . .     Faith    .   W - +3 fire dragon scales
rPois    +         Spirit   .   (helmet unavailable)
rElec    +         Reflect  +   h - +1 cloak
rCorr    .         Harm     .   O - +2 pair of gloves "Yvvam" {+Inv}
MR       ++...     Clarity  +   b - +2 pair of boots {run}
Stlth    ..........             s - +5 amulet of reflection
HPRegen  0.00/turn              Q - +6 ring of evasion
MPRegen  0.21/turn              l - ring of Uptawite {+Inv rF+ Slay+4}

@: quick
A: permanent stasis, dig shafts and tunnels, four strong arms, antennae 3, thin
metallic scales 1, yellow scales 1, blurry vision 2, clarity, cold resistance 1,
deformed body, deterioration 2, low mp 1, sense surroundings 1, poison
resistance, electricity resistance, inhibited regeneration, strong 1, evolution
1, MP-powered wands
0: Orb of Zot
}: 3/15 runes: barnacled, abyssal, gossamer
a: Dig, Shaft Self, Depart the Abyss, Bend Space, Banish, Corrupt, Enter the
Abyss, Renounce Religion, Evoke Invisibility


You escaped.
You worshipped Lugonu.
Lugonu was exalted by your worship.
You were hungry.

You visited 10 branches of the dungeon, and saw 49 of its levels.
You visited the Abyss 6 times.
You visited 1 bazaar.
You also visited: Wizlab.

You collected 6145 gold pieces.
You spent 3289 gold pieces at shops.

Inventory:

Hand Weapons
 j - a +7 vampiric executioner's axe
 m - the +8 battleaxe "Zuunoixa" {chop, Dex+4}
   (You bought it in a shop in a bazaar)

   It inflicts extra damage upon your enemies.
   It affects your dexterity (+4).
 R - a +9 battleaxe of distortion (weapon)
Missiles
 n - 8 throwing nets (quivered)
Armour
 b - a +2 pair of boots of running (worn)
 h - a +1 cloak (worn)
 F - the +5 shield of Xiolug (worn) {rF- rC++ Int-3 Slay+6}
   (You found it on level 1 of the Elven Halls)

   It affects your intelligence (-3).
   It affects your accuracy and damage with ranged weapons and melee attacks
   (+6).
   It makes you vulnerable to fire.
   It greatly protects you from cold.
 O - the +2 pair of gloves "Yvvam" (worn) {+Inv}
   (You found it on level 6 of the Lair of Beasts)

   It lets you turn invisible.
 W - +3 fire dragon scales (worn)
Jewellery
 l - the ring of Uptawite (right hand) {+Inv rF+ Slay+4}
   (You found it on level 4 of the Shoals)

   [ring of slaying]

   It affects your accuracy and damage with ranged weapons and melee attacks
   (+4).
   It protects you from fire.
   It lets you turn invisible.
 s - a +5 amulet of reflection (around neck)
 Q - a +6 ring of evasion (left hand)
Wands
 d - a wand of acid (3/15)
 r - a wand of scattershot (3/9)
 y - a wand of acid (6/15)
 E - a wand of confusion (21/48)
 H - a wand of digging (11/24)
 I - a wand of lightning (3/15)
 J - a wand of clouds (5/9)
 U - a wand of iceblast (11/15)
Scrolls
 i - 8 scrolls of identify
 o - 27 scrolls of remove curse
 q - 2 scrolls of magic mapping
 A - 4 scrolls of fog
 G - 4 scrolls of amnesia
 X - 5 scrolls of recharging
 Y - a scroll of summoning
 Z - 7 scrolls of fear
Potions
 e - 7 potions of brilliance
 f - 6 potions of flight
 t - 5 potions of ambrosia
 v - 3 potions of magic
 w - 8 potions of invisibility
 x - 5 potions of might
 B - 21 potions of curing
 C - 3 potions of heal wounds
 D - 7 potions of resistance
 K - 5 potions of mutation
 M - 3 potions of cancellation
 N - 7 potions of agility
Miscellaneous
 p - 2 sacks of spiders
 z - a lightning rod (3/4)
 L - a fan of gales
 S - 3 boxes of beasts
 T - 3 phantom mirrors
 V - a phial of floods
Comestibles
 a - 14 royal jellies
 c - 23 bread rations
 g - 16 fruits
 k - 25 meat rations


   Skills:
 * Level 25.8 Fighting
 - Level 21.4 Axes
   Level 3.2 Crossbows
 + Level 18.7 Armour
 + Level 16.0 Dodging
 - Level 9.4 Shields
 - Level 9.6 Charms
 - Level 9.7 Necromancy
 - Level 10.5 Translocations
 - Level 12.1 Invocations
 - Level 7.4 Evocations


You had 15 spell levels left.
You knew the following spells:

 Your Spells              Type           Power        Failure   Level  Hunger
a - Lesser Beckoning      Tloc           ####......   2%          3    ####...
b - Apportation           Tloc           ####..       1%          1    ##.....
c - Passage of Golubria   Tloc           N/A          9%          4    #####..
r - Regeneration          Chrm/Necr      ###.......   3%          3    ####...


Dungeon Overview and Level Annotations

Branches:
Dungeon (15/15)            Temple (1/1) D:5            Lair (6/6) D:8
 Shoals (4/4) Lair:4       Spider (4/4) Lair:3        Slime (0/5) Lair:5
    Orc (2/2) D:10            Elf (3/3) Orc:2        Vaults (4/5) D:14
  Crypt (0/3) Vaults:2     Depths (5/5) D:15            Zot (5/5) Depths:5

Altars:
Ashenzari
Cheibriados
Kikubaaqudgha
Makhleb
Nemelex Xobeh
Okawaru
Qazlal
Ru
Sif Muna
Trog
Uskayaw
Xom
Yredelemnul
Zin
The Shining One

Shops:
D:5 :}%(:   D:8 [   D:11 [?*!!   D:12 [*[%   D:13 %   D:14 ==:%}   Orc:1 (
Orc:2 *=[(   Elf:1 %   Elf:2 %   Shoals:3 [(   Depths:1 *   Depths:2 [(

Portals:
Hell: Lair:6 Depths:1 Depths:2 Depths:3 Depths:4 Depths:5
Abyss: Depths:2 Depths:4
Pandemonium: Depths:2 Depths:3 Depths:4
Ziggurat: Depths:3

Annotations:
D:8 xomlike's ghost, novice DrWn
Lair:3 exclusion: 2 oklob plants
Shoals:3 exclusion: Roxanne, Roxanne
Orc:2 Dominolapin's ghost, journeyman HuNe
Depths:3 corrupted
Zot:3 exclusion: 2 upstairs
Zot:4 exclusion: 2 upstairs
Zot:5 corrupted, exclusion: 2 upstairs


Innate Abilities, Weirdness & Mutations

You cannot be hasted, slowed, berserked, paralysed or teleported.
You can dig through walls and to a lower floor.
Your four strong arms can wield two-handed weapons with a shield.
You have a pair of large antennae on your head. (SInv)
You are partially covered in thin metallic scales. (AC +2)
You are partially covered in yellow scales. (AC +2)
Scrolls take you longer to read.
You possess an exceptional clarity of mind.
Your flesh is cold resistant. (rC+)
Armour fits poorly on your strangely shaped body.
Your body often deteriorates upon taking damage.
Your magical capacity is low. (-10% MP)
You passively map a small area around you.
Your system is resistant to poisons. (rPois)
You are resistant to electric shocks. (rElec)
You do not regenerate when monsters are visible.
Your muscles are strong. (Str +2)
You evolve.
You expend magic power (3 MP) to strengthen your wands.


Message History

You dig through the rock wall.
You dig through the rock wall.
You retract your mandibles.
There is a stone staircase leading up here.
You climb upwards.
There is a stone staircase leading down here.
There is a stone staircase leading up here.
You climb upwards.
There is a stone staircase leading down here.
There is an open door here.
There is a staircase leading out of the dungeon here.
Evoke which item? (* to show all) (? for menu, Esc to quit)
Aiming: Dig
Press: ? - help, Shift-Dir - straight line The rock shatters into small pieces.
A goblin comes into view. It is wielding a dagger.
The goblin shouts!
This wand has 11 charges left.
You block the goblin's attack.
You have escaped!

# #.# #.....# # #.# #...... #
#.# ### #...... # #.# ##.##
#...... # #.## ##...##
#####...### # #####..#
##.....## #.......... #
#.....####.......########..###
# ##.###.###.........##.......#
###...##..'.....@.....'.####..#
# .........######g..#######
#..### ###...##.#####.#.##..#.#
#..##> #
#>####.##....#.#..##.#####)...#
# #.#
#.##..###.##.##.#......... #
#.# #.##.####.##.##.#.#######.
# #.# #.......#'#...#.#.# #.
###.#####.#.####.........# #(
.................##......# #.


You could see a goblin.

Vanquished Creatures
  2 orbs of fire (Zot:5)
  2 ancient liches (Zot:5)
  A juggernaut (Depths:2)
  Saint Roka (Depths:2)
  A curse toe (Zot:5)
  3 Killer Klowns
  10 golden dragons
  Nikola (Vaults:1)
  the Enchantress (Depths:4)
  3 bone dragons
  A profane servitor (Abyss:4)
  An electric golem (Zot:5)
  4 tentacled monstrosities
  Rupert (D:14)
  26 Orb Guardians
  Asterion (Spider:3)
  4 liches
  4 titans
  A kraken (Shoals:2)
  3 deep elf blademasters
  3 deep elf master archers (Elf:3)
  An ancient champion (WizLab)
  5 death cobs
  4 tentacled starspawn
  A sphinx (Depths:2)
  Agnes (Abyss:1)
  2 shadow dragons
  2 draconian monks (Zot:5)
  9 storm dragons
  2 tengu reavers
  An orc warlord (Orc:2)
  Ilsuiw (Shoals:3)
  14 fire giants
  An iron dragon (Depths:5)
  4 draconian knights
  10 frost giants
  6 deep elf sorcerers (Elf:3)
  4 ghost moths
  A balrug (Depths:5)
  Louise (Shoals:1)
  2 draconian scorchers
  6 vault wardens
  4 deep elf elementalists (Elf:3)
  8 ironheart preservers
  6 emperor scorpions
  16 stone giants
  24 very ugly things
  3 spriggan defenders (Depths:4)
  6 draconian shifters
  6 draconian annihilators
  An ophan (Abyss:1)
  Nessos (Lair:6)
  9 deep elf demonologists
  2 vampire knights
  5 entropy weavers
  8 green draconians
  2 black draconians
  7 red draconians
  5 yellow draconians
  A dire elephant (D:14)
  12 purple draconians
  4 deep elf annihilators
  4 spark wasps
  8 white draconians
  Azrael (Abyss:1)
  2 deep elf death magi
  9 fire dragons
  7 merfolk impalers
  8 ettins
  7 merfolk javelineers
  2 green deaths
  2 jiangshi (Depths:3)
  13 yaktaur captains
  A crystal guardian (Vaults:4)
  7 deep elf high priests
  3 great orbs of eyes
  5 hydras
  5 vault guards
  10 merfolk avatars
  4 rakshasas
  7 ice dragons
  11 centaur warriors
  5 spriggan air magi
  A catoblepas (Lair:6)
  42 two-headed ogres
  An alligator snapping turtle (Shoals:4)
  A merfolk aquamancer (Shoals:4)
  A two-headed ogre (shapeshifter) (Elf:3)
  33 dancing weapons
  14 ogre magi
  A death yak (Lair:6)
  4 satyrs
  2 vampire magi (Depths:3)
  2 orc high priests
  4 deep troll shamans
  3 spriggan berserkers
  3 tengu warriors
  6 deep troll earth magi
  2 thrashing horrors
  3 sun demons
  19 deep elf knights
  15 hell knights
  9 skeletal warriors (WizLab)
  A salamander mystic (Depths:3)
  An infernal demonspawn (Depths:4)
  2 spatial maelstroms
  A sixfirhy (Abyss:1)
  26 deep trolls
  An iron troll (Depths:3)
  5 unseen horrors
  5 glowing orange brains
  A shadow demon (Depths:3)
  13 sea snakes
  2 swamp dragons (Abyss:3)
  2 torturous demonspawn
  4 flayed ghosts
  11 necromancers
  6 starcursed masses
  An orange crystal statue (Elf:2)
  14 deep elf archers
  18 harpies
  15 ironbrand convokers
  10 orc knights
  3 wizards
  A golden dragon skeleton (Depths:2)
  A stone giant zombie (Depths:2)
  2 phantasmal warriors (Depths:4)
  15 orb spiders
  19 manticores
  12 large abominations
  A salamander (shapeshifter) (Spider:2)
  9 orc sorcerers
  56 deep elf magi
  14 cyclopes
  53 ugly things
  32 wolf spiders
  An oklob plant (D:12)
  3 salamanders
  18 fauns
  3 rust devils
  9 moths of wrath
  A human skeleton (Vaults:4)
  A black mamba (shapeshifter) (Depths:5)
  16 merfolk sirens
  2 elephants
  2 apocalypse crabs
  3 black mambas
  Maurice (D:13)
  2 torpor snails (Lair:6)
  A guardian serpent (shapeshifter) (D:14)
  8 water nymphs
  3 smoke demons
  12 vault sentinels
  11 spiny frogs
  6 orange demons
  2 gargoyles (D:14)
  8 demonic crawlers
  4 rime drakes
  A komodo dragon (shapeshifter) (Depths:1)
  3 komodo dragons
  8 freezing wraiths
  2 hellwings
  2 ice devils
  2 ancient zymes
  A red devil (D:14)
  36 yaktaurs
  A tengu conjurer (Depths:2)
  30 jumping spiders
  2 trolls
  25 merfolk
  8 wind drakes
  2 polar bears (Lair:6)
  A queen bee (shapeshifter) (Depths:1)
  A meliai (shapeshifter) (Vaults:1)
  11 hornets
  15 blink frogs
  12 raiju
  31 slime creatures
  12 dream sheep
  Grinder (D:4)
  2 ettin zombies
  8 snapping turtles
  13 hippogriffs
  A meliai zombie (D:12)
  2 human simulacra (Vaults:3)
  A fire giant simulacrum (Vaults:4)
  A centaur simulacrum (D:14)
  6 vampires
  3 spriggans (Depths:4)
  20 tarantellas
  2 wraiths
  2 ynoxinuls
  67 redbacks
  6 wyverns
  A spriggan (shapeshifter) (Elf:1)
  6 air elementals
  2 tarantellas (shapeshifter)
  27 yaks
  2 hogs (shapeshifter)
  3 fire bats (Abyss:1)
  15 water elementals
  8 basilisks
  A golden eye (Abyss:3)
  A hungry ghost (D:15)
  A steam dragon (D:8)
  5 fire elementals
  The ghost of Dominolapin the Spear-Bearer, an amateur MfMo (D:3)
  A chaos spawn (Abyss:3)
  4 vampire mosquitoes
  4 neqoxecs
  9 wargs
  4 swamp worms (Lair:1)
  A two-headed ogre zombie (WizLab)
  A swamp worm (shapeshifter) (Depths:5)
  2 acid dragons (Vaults:1)
  6 hell hounds
  15 water moccasins
  A water moccasin (shapeshifter) (Vaults:2)
  A floating eye (shapeshifter) (Depths:2)
  5 porcupines
  A tengu skeleton (Depths:2)
  A hornet zombie (D:15)
  41 orc warriors
  A sky beast (shapeshifter) (Spider:2)
  3 sky beasts
  A spiny frog skeleton (Abyss:1)
  4 ice beasts
  2 slaves (D:4)
  6 phantoms
  A boggart (shapeshifter) (Depths:5)
  4 black bears
  26 ogres
  3 eyes of draining (shapeshifter)
  11 boggarts
  10 wolves
  16 centaurs
  9 crocodiles
  Blork the orc (D:4)
  15 big kobolds
  A gnoll sergeant (D:8)
  15 bullfrogs
  11 small abominations
  2 earth elementals (Elf:3)
  3 scorpions
  A water moccasin zombie (D:9)
  6 troll zombies (WizLab)
  A wyvern skeleton (D:9)
  21 wights
  3 howler monkeys
  An electric eel (Lair:3)
  10 crimson imps
  4 centaur zombies
  3 quasits
  A bullfrog zombie (D:5)
  3 centaur skeletons
  6 jellies
  7 hounds
  3 bullfrog skeletons
  22 orc priests
  4 iron imps
  29 orc wizards
  7 iguanas
  6 worker ants
  Natasha (thrice) (D:4)
  A spriggan simulacrum (Abyss:1)
  4 hell rats (Lair:5)
  A killer bee zombie (D:8)
  5 ogre zombies (WizLab)
  A hound zombie (D:7)
  2 hound skeletons (D:7)
  2 worker ant zombies
  12 gnolls
  7 river rats (D:6)
  18 adders
  An adder (shapeshifter) (Vaults:2)
  7 shadow imps
  A white imp (Depths:3)
  4 ufetubi
  2 adder zombies
  An adder skeleton (D:4)
  19 worms
  A dart slug (D:2)
  A leopard gecko (D:8)
  63 orcs
  3 ball pythons
  A bat (D:3)
  6 giant cockroaches
  8 goblins
  6 hobgoblins
  21 jackals
  26 kobolds
  15 quokkas
  6 frilled lizards
  A leopard gecko zombie (D:5)
  An orc skeleton (Abyss:1)
  A quokka skeleton (D:4)
  25 rats
  5 crawling corpses (Elf:3)
  11 fungi
  A lurking horror (Abyss:4)
  21 plants
  4 starspawn tentacles
  3 tentacles (Shoals:2)
2158 creatures vanquished.

Vanquished Creatures (collateral kills)
  A shining eye (shapeshifter) (Vaults:1)
1 creature vanquished.

Vanquished Creatures (others)
  A seraph (Zot:5)
  A daeva (Zot:5)
  A ghost moth (Zot:2)
  A fire giant (Depths:4)
  2 emperor scorpions
  A very ugly thing (Vaults:3)
  2 merfolk javelineers (Shoals:4)
  A deep elf death mage (Elf:3)
  A deep elf high priest (Elf:3)
  A hell beast (Lair:6)
  2 hydras
  A merfolk aquamancer (Shoals:4)
  3 two-headed ogres
  A deep elf knight (Vaults:1)
  A hell knight (Depths:4)
  A sea snake (Shoals:4)
  A harpy (Shoals:4)
  A deep elf mage (Vaults:1)
  An ugly thing (D:11)
  A moth of wrath (Zot:5)
  A salamander (Depths:3)
  A black mamba (Lair:6)
  A rust devil (Zot:5)
  2 kobold demonologists
  4 hornets
  A hippogriff (Shoals:4)
  A tarantella (Spider:2)
  A redback (Spider:3)
  A water elemental (Depths:5)
  A hungry ghost (D:7)
  A swamp worm (Lair:1)
  2 wargs
  An orc warrior (D:6)
  An ogre (Vaults:2)
  An ufetubus (Depths:3)
  3 orcs
  9 fungi
  2 lurking horrors
  16 plants
  5 starspawn tentacles
  8 tentacles (Shoals:2)
88 creatures vanquished.

Grand Total: 2247 creatures vanquished

Notes
Turn   | Place    | Note
-------+----------+-------------------------------------------
     0 | Abyss:1  | nublet the Formicid Abyssal Knight began the quest for the Orb.
     0 | Abyss:1  | Reached XP level 1. HP: 18/18 MP: 2/2
    11 | D:1      | Escaped the Abyss
   334 | D:1      | Reached XP level 2. HP: 24/24 MP: 3/3
  1059 | D:2      | Reached XP level 3. HP: 27/29 MP: 4/4
  1289 | D:2      | Reached ** piety under Lugonu
  1303 | D:2      | Reached XP level 4. HP: 30/35 MP: 5/5
  2259 | D:3      | Reached skill level 5 in Axes
  2259 | D:3      | Reached XP level 5. HP: 27/41 MP: 6/6
  2272 | D:3      | Noticed Dominolapin's ghost (amateur MfMo)
  3258 | D:3      | Reached XP level 6. HP: 43/47 MP: 7/7
  3665 | D:3      | Killed Dominolapin's ghost
  4166 | D:4      | Reached XP level 7. HP: 34/52 MP: 8/8
  4664 | D:4      | Reached skill level 1 in Shields
  5043 | D:4      | Noticed Natasha
  5050 | D:4      | Reached *** piety under Lugonu
  5051 | D:4      | Killed Natasha
  5165 | D:4      | Noticed Grinder
  5174 | D:4      | Killed Grinder
  5174 | D:4      | Reached XP level 8. HP: 60/60 MP: 8/10
  5187 | D:4      | Noticed Blork the orc
  5223 | D:4      | Killed Blork the orc
  5223 | D:4      | Reached skill level 4 in Fighting
  5461 | D:4      | Noticed Natasha
  5471 | D:4      | You fall through a shaft!
  5471 | D:5      | Entered Level 5 of the Dungeon
  5823 | D:4      | Killed Natasha
  6055 | D:4      | Found a deep blue altar of Sif Muna.
  6099 | D:4      | Noticed Natasha
  6110 | D:4      | Killed Natasha
  6421 | D:5      | Found Ohyneut's Book Shoppe.
  6447 | D:5      | Found Xoxorph's Food Shoppe.
  6449 | D:5      | Found an iron altar of Okawaru.
  6450 | D:5      | Found a bloodstained altar of Trog.
  6450 | D:5      | Found an ancient bone altar of Kikubaaqudgha.
  6450 | D:5      | Found a sparkling altar of Nemelex Xobeh.
  6451 | D:5      | Found a glowing silver altar of Zin.
  6451 | D:5      | Found a burning altar of Makhleb.
  6550 | D:5      | Found a bloodstained altar of Trog.
  6551 | D:5      | Found a stormy altar of Qazlal.
  6552 | D:5      | Found a hide-covered altar of Uskayaw.
  6552 | D:5      | Found a sacrificial altar of Ru.
  6553 | D:5      | Found a snail-covered altar of Cheibriados.
  6553 | D:5      | Found a shimmering altar of Xom.
  6557 | D:5      | Found a staircase to the Ecumenical Temple.
  6562 | Temple   | Entered the Ecumenical Temple
  6641 | D:5      | Found Caet's Weapon Shop.
  6796 | D:5      | Found Xabiurphadu's Gadget Boutique.
  6817 | D:5      | Found Wuufry's Book Boutique.
  7400 | D:6      | Reached XP level 9. HP: 60/67 MP: 12/12
  7403 | D:6      | Noticed a kobold demonologist
  7458 | D:6      | Reached skill level 5 in Fighting
  7465 | D:6      | Banished a kobold demonologist
  7518 | D:6      | Reached skill level 5 in Invocations
  8032 | D:6      | Reached skill level 10 in Axes
  8555 | D:6      | Reached **** piety under Lugonu
  8768 | D:6      | Reached skill level 6 in Fighting
  9365 | D:7      | Noticed a hippogriff
  9398 | D:7      | Killed a hippogriff
  9398 | D:7      | Reached XP level 10. HP: 32/77 MP: 14/14
 10243 | D:8      | Noticed xomlike's ghost (novice DrWn)
 10283 | D:8      | Noticed a two-headed ogre
 10406 | D:8      | Gained mutation: You are partially covered in iridescent scales. (AC +2) [potion of mutation]
 10406 | D:8      | Gained mutation: You expend magic power (3 MP) to strengthen your wands. [potion of mutation]
 10406 | D:8      | Gained mutation: You are frail. (-10% HP) [potion of mutation]
 10406 | D:8      | Gained mutation: You are agile. (Dex +2) [potion of mutation]
 10412 | D:8      | You are sucked into a shaft for 2 floors!
 10412 | D:10     | Entered Level 10 of the Dungeon
 10595 | D:10     | Found a shattered altar of Ashenzari.
 10609 | D:10     | Reached ***** piety under Lugonu
 10700 | D:10     | Reached skill level 7 in Fighting
 11664 | D:8      | Found Utigh's Antique Armour Shoppe.
 11684 | D:8      | Banished a two-headed ogre
 11684 | D:8      | Reached skill level 5 in Shields
 12014 | D:8      | Reached XP level 11. HP: 62/77 MP: 16/16
 12056 | D:8      | Reached skill level 8 in Fighting
 12292 | D:8      | Found a staircase to the Lair.
 12698 | D:8      | Bought a pair of glowing boots for 247 gold pieces
 12709 | D:8      | Identified a +0 pair of boots of running (You bought it in a shop on level 8 of the Dungeon)
 13050 | D:9      | Noticed a two-headed ogre
 13051 | D:9      | Banished a two-headed ogre
 13281 | D:10     | Lost mutation: You are frail. (-10% HP) [mutagenic meat]
 13358 | D:10     | Noticed a two-headed ogre
 13360 | D:10     | Banished a two-headed ogre
 14361 | D:10     | Found a staircase to the Orcish Mines.
 14732 | D:11     | Got a steaming ring mail
 14733 | D:11     | Identified the +5 ring mail of Gopsogem {*Slow rPois rC+} (You found it on level 11 of the Dungeon)
 14784 | D:11     | Noticed a white ugly thing
 14799 | D:11     | Banished a white ugly thing
 14891 | D:11     | Noticed a seven-headed hydra
 15062 | D:11     | Found Paugisen's Distillery.
 15069 | D:11     | Noticed a two-headed ogre
 15094 | D:11     | Killed a two-headed ogre
 15263 | D:11     | Got a faintly glowing pewter ring
 15266 | D:11     | Noticed a purple ugly thing
 15304 | D:11     | Killed a purple ugly thing
 15304 | D:11     | Reached skill level 9 in Fighting
 15384 | D:11     | Found Xeneuh Nogoa's Distillery.
 15387 | D:11     | Found Saeto's Assorted Antiques.
 15396 | D:11     | Bought a lead wand for 152 gold pieces
 15449 | D:11     | Found Naxif's Magic Scroll Shop.
 15452 | D:11     | Found Nogi's Armour Shoppe.
 15453 | D:11     | Bought 2 scrolls of random uselessness for 24 gold pieces
 15720 | D:12     | Noticed a manticore
 15914 | D:11     | Killed a manticore
 15914 | D:11     | Reached XP level 12. HP: 86/95 MP: 18/18
 16107 | D:12     | Found a sparkling altar of Nemelex Xobeh.
 16207 | D:12     | Found Tuczesed's Armour Boutique.
 16739 | D:12     | Found Hasuvuic's Food Shop.
 16741 | D:12     | Found a shattered altar of Ashenzari.
 17128 | D:12     | Noticed Azrael
 17823 | Lair:1   | Entered Level 1 of the Lair of Beasts
 17834 | Lair:1   | Identified the ring "Soeditok" {+Fly rC+ MR- Slay+2} (You found it on level 11 of the Dungeon)
 17900 | Lair:1   | Reached skill level 10 in Fighting
 17900 | Lair:1   | Reached skill level 5 in Armour
 18094 | Lair:1   | Upgraded the game from 0.21-a0-135-g8dc100c to 0.21-a0-137-g951aa02
 19931 | Lair:1   | Reached XP level 13. HP: 82/104 MP: 19/19
 20826 | Lair:3   | Found a hole to the Spider Nest.
 21855 | Lair:3   | Reached skill level 11 in Fighting
 22641 | Lair:4   | Found a bloodstained altar of Trog.
 22727 | Lair:4   | Noticed a seven-headed hydra
 23238 | Lair:4   | Got an ancient chain mail
 23255 | Lair:4   | Identified the cursed +0 chain mail "Egifekij" {Dex+5} (You found it on level 4 of the Lair of Beasts)
 23401 | Lair:4   | Banished a seven-headed hydra
 23424 | Lair:4   | Found a staircase to the Shoals.
 24007 | Lair:5   | Reached skill level 15 in Axes
 24437 | Lair:5   | Found a staircase to the Slime Pits.
 24733 | Lair:5   | Noticed an eight-headed hydra
 24738 | Lair:5   | Banished an eight-headed hydra
 25013 | Lair:6   | Entered Level 6 of the Lair of Beasts
 25112 | Lair:6   | Noticed Nessos
 25130 | Lair:6   | Killed Nessos
 25140 | Lair:6   | Noticed a six-headed hydra
 25192 | Lair:6   | Killed a six-headed hydra
 25205 | Lair:6   | Reached XP level 14. HP: 91/114 MP: 20/20
 25678 | Lair:6   | Reached skill level 12 in Fighting
 26341 | Lair:6   | Got a pair of twisted gloves
 26352 | Lair:6   | Identified the +2 pair of gloves "Yvvam" {+Inv} (You found it on level 6 of the Lair of Beasts)
 26813 | Lair:6   | Reached skill level 1 in Evocations
 27407 | Lair:6   | Found a burning altar of Makhleb.
 27926 | Lair:6   | Found a gateway to Hell.
 28145 | Orc:1    | Entered Level 1 of the Orcish Mines
 28330 | Orc:2    | Entered Level 2 of the Orcish Mines
 28624 | Orc:2    | Found Disilo's Jewellery Shop.
 28632 | Orc:2    | Found a staircase to the Elven Halls.
 28831 | Orc:2    | Gained mutation: Scrolls take you a little longer to read. [a neqoxec]
 28884 | Orc:2    | Noticed an orc warlord
 28987 | Orc:2    | Killed an orc warlord
 29131 | Orc:2    | Found Modghaal's General Store.
 29200 | Orc:1    | Reached skill level 10 in Armour
 29239 | Orc:2    | Noticed Dominolapin's ghost (journeyman HuNe)
 29513 | Orc:1    | Found Ygrisom's Antique Weapon Shop.
 30040 | Orc:2    | Reached skill level 13 in Fighting
 30040 | Orc:2    | Reached XP level 15. HP: 90/123 MP: 21/21
 30119 | Orc:2    | Found Ontipnir's Antique Armour Emporium.
 30136 | Orc:1    | Reached ****** piety under Lugonu
 30294 | Orc:2    | Reached skill level 5 in Evocations
 30341 | Orc:2    | Bought the +2 shield of Resistance {rF+ rC+ MR+} for 1356 gold pieces
 30355 | Orc:2    | Found Ilenoqel's Antique Weapon Boutique.
 30380 | Orc:2    | Bought a glowing broad axe for 217 gold pieces
 30848 | D:12     | Found Hyuwet's General Store.
 30850 | D:12     | Found Peadajog's Antique Armour Boutique.
 30908 | D:12     | Banished Azrael
 31169 | D:13     | Noticed Maurice
 31394 | D:13     | Found Joibleni's Food Shoppe.
 31418 | D:13     | Reached skill level 1 in Dodging
 31850 | D:13     | Killed Maurice
 32255 | D:14     | Found Idwuklin's Book Shoppe.
 32941 | D:14     | Found Dev Etur's Jewellery Shop.
 32959 | D:14     | Found an ancient bone altar of Kikubaaqudgha.
 33427 | D:14     | Found Muimaudu's Jewellery Boutique.
 33924 | D:14     | Noticed Agnes
 33927 | D:14     | Banished Agnes
 34103 | D:13     | Gained mutation: You possess an exceptional clarity of mind. [mutagenic meat]
 34104 | D:13     | Gained mutation: You are partially covered in yellow scales. (AC +2) [mutagenic meat]
 34105 | D:13     | Lost mutation: You are partially covered in iridescent scales. (AC +2) [mutagenic meat]
 34106 | D:13     | Gained mutation: Armour fits poorly on your strangely shaped body. [mutagenic meat]
 34107 | D:13     | Lost mutation: You are agile. (Dex +2) [mutagenic meat]
 34109 | D:13     | Gained mutation: Your system is resistant to poisons. (rPois) [mutagenic meat]
 34289 | D:14     | Found Jinoa's Gadget Shoppe.
 34298 | D:14     | Found Karuatwi's Food Shop.
 34360 | D:14     | Identified the Incunabulum of Quantum Malediction
 34390 | D:14     | Learned a level 3 spell: Lesser Beckoning
 34617 | D:14     | Found a gate to the Vaults.
 34625 | D:14     | Reached XP level 16. HP: 132/132 MP: 22/22
 34712 | D:15     | Entered Level 15 of the Dungeon
 34746 | D:15     | Noticed Rupert
 35283 | D:15     | Reached skill level 14 in Fighting
 35305 | D:15     | Gained mutation: You are clumsy. (Dex -2) [mutagenic meat]
 35307 | D:15     | Gained mutation: You evolve. [mutagenic meat]
 35723 | D:15     | Found a glowing golden altar of the Shining One.
 36132 | D:15     | Reached skill level 5 in Dodging
 36228 | D:14     | Killed Rupert
 36453 | D:15     | Found a staircase to the Depths.
 36812 | Shoals:1 | Entered Level 1 of the Shoals
 37533 | Shoals:1 | Noticed Louise
 37549 | Shoals:1 | Killed Louise
 37618 | Shoals:1 | Reached skill level 10 in Invocations
 37665 | Shoals:1 | Gained mutation: You are partially covered in large bone plates. (SH +4) [evolution]
 38808 | Shoals:2 | Noticed a kraken
 38831 | Shoals:2 | Killed a kraken
 38884 | Shoals:2 | Reached XP level 17. HP: 107/140 MP: 24/24
 39350 | Shoals:3 | Noticed Roxanne
 40031 | Shoals:3 | Noticed Ilsuiw
 40491 | Shoals:3 | Killed Ilsuiw
 40491 | Shoals:3 | Reached skill level 15 in Fighting
 40668 | Shoals:3 | Found Miedi's Armour Emporium.
 41124 | Shoals:3 | Gained mutation: Your muscles are strong. (Str +2) [evolution]
 42112 | Shoals:3 | Found Huvul's Weapon Shoppe.
 42257 | Shoals:4 | Entered Level 4 of the Shoals
 42319 | Shoals:4 | Learned a level 1 spell: Apportation
 43532 | Shoals:4 | Reached XP level 18. HP: 126/149 MP: 19/26
 43626 | Shoals:4 | Got a barnacled rune of Zot
 44200 | Shoals:4 | Got a faintly humming scarf
 44230 | Shoals:4 | Identified the cursed scarf of Autumn {MR+} (You found it on level 4 of the Shoals)
 44721 | Shoals:4 | Learned a level 4 spell: Passage of Golubria
 44816 | Shoals:4 | Identified the ring of Uptawite {+Inv rF+ Slay+4} (You found it on level 4 of the Shoals)
 45016 | Spider:1 | Entered Level 1 of the Spider Nest
 46398 | Spider:1 | Reached skill level 16 in Fighting
 47347 | Spider:2 | Noticed Asterion
 47772 | Spider:3 | Killed Asterion
 48471 | Spider:3 | Reached skill level 1 in Crossbows
 48472 | Spider:3 | Reached XP level 19. HP: 152/158 MP: 28/28
 48843 | Spider:4 | Entered Level 4 of the Spider Nest
 50245 | D:12     | Bought the +2 plate armour of the Everdark {rElec rN++ Str-4 Dex+3} for 720 gold pieces
 50615 | Spider:4 | Learned a level 3 spell: Regeneration
 50701 | Spider:4 | Reached skill level 1 in Charms
 51083 | Spider:4 | Reached skill level 1 in Necromancy
 51586 | Spider:4 | Got a gossamer rune of Zot
 51955 | Vaults:1 | Entered Level 1 of the Vaults
 52019 | Vaults:1 | Reached skill level 17 in Fighting
 52054 | Vaults:1 | Found a flickering gateway to a bazaar.
 52071 | Bazaar   | Entered a bazaar
 52085 | Bazaar   | Found Vekusap's Antique Armour Emporium.
 52106 | Bazaar   | Found Feapnu's Weapon Shoppe.
 52122 | Bazaar   | Found Vicazit's Antique Weapon Emporium.
 52122 | Bazaar   | Found Gifraonner's Armour Shoppe.
 52133 | Bazaar   | Bought a steaming battleaxe for 356 gold pieces
 52135 | Bazaar   | Identified the +8 battleaxe "Zuunoixa" {chop, Dex+4} (You bought it in a shop in a bazaar)
 52228 | Vaults:1 | Noticed Nikola
 52243 | Vaults:1 | Found a magical portal.
 52246 | Vaults:1 | Killed Nikola
 52273 | WizLab   | Entered Zonguldrok's Shrine
 52540 | WizLab   | Noticed an antique lich
 52541 | WizLab   | Identified a +7 battleaxe of distortion (a +5 battleaxe of freezing corrupted by Lugonu)
 52541 | WizLab   | Received a gift from Lugonu
 52717 | Vaults:1 | Gained mutation: Your mind is acute. (Int +2) [evolution]
 52900 | Vaults:1 | Reached XP level 20. HP: 157/168 MP: 29/29
 53179 | Vaults:1 | Reached skill level 5 in Charms
 53271 | Vaults:1 | Gained mutation: You passively map a small area around you. [mutagenic meat]
 53273 | Vaults:1 | Lost mutation: You are partially covered in large bone plates. (SH +4) [mutagenic meat]
 53275 | Vaults:1 | Lost mutation: Armour fits poorly on your strangely shaped body. [mutagenic meat]
 53370 | Vaults:1 | Reached skill level 5 in Necromancy
 55694 | Vaults:2 | Found a staircase to the Crypt.
 55694 | Vaults:2 | Found a basalt altar of Yredelemnul.
 55695 | Vaults:2 | Found an ancient bone altar of Kikubaaqudgha.
 56085 | Vaults:2 | Reached skill level 18 in Fighting
 56194 | Vaults:3 | Reached XP level 21. HP: 155/177 MP: 30/30
 56375 | Vaults:3 | Cast into level 3 of the Abyss (vault warden)
 56479 | Abyss:3  | Gained mutation: Armour fits poorly on your strangely shaped body. [a neqoxec]
 56481 | Abyss:3  | Gained mutation: You are frail. (-10% HP) [a neqoxec]
 56784 | Abyss:4  | Reached skill level 15 in Armour
 56796 | Abyss:4  | Noticed a profane servitor
 56822 | Abyss:4  | Killed a profane servitor
 56830 | Vaults:3 | Escaped the Abyss
 57141 | Vaults:3 | Got a scorched golden ring
 57144 | Vaults:3 | Identified the ring of Ynusoggo {AC+2 Str+3} (You found it on level 3 of the Vaults)
 57595 | Vaults:3 | Lost mutation: You are clumsy. (Dex -2) [mutagenic meat]
 57596 | Vaults:3 | Lost mutation: You expend magic power (3 MP) to strengthen your wands. [mutagenic meat]
 57597 | Vaults:3 | Gained mutation: You are resistant to electric shocks. (rElec) [mutagenic meat]
 57598 | Vaults:3 | Gained mutation: Your body sometimes deteriorates upon taking damage. [mutagenic meat]
 57600 | Vaults:3 | Lost mutation: You are frail. (-10% HP) [mutagenic meat]
 58597 | Vaults:4 | Noticed a Tzitzimitl
 59443 | Vaults:4 | Reached XP level 22. HP: 186/186 MP: 31/31
 59724 | Vaults:4 | Reached skill level 19 in Fighting
 60184 | Elf:1    | Entered Level 1 of the Elven Halls
 60249 | Elf:1    | Found Miecsyze's Food Shoppe.
 60673 | Elf:1    | Identified the +5 shield of Xiolug {rF- rC++ Int-3 Slay+6} (You found it on level 1 of the Elven Halls)
 61511 | Elf:2    | Found a runed gate.
 61512 | Elf:2    | Found a runed gate.
 61513 | Elf:2    | Found a runed gate.
 61653 | Elf:2    | Gained mutation: Your flesh is cold resistant. (rC+) [evolution]
 61806 | Elf:2    | Found Focsi's Food Emporium.
 62567 | Elf:3    | Entered Level 3 of the Elven Halls
 62919 | Elf:3    | Reached XP level 23. HP: 194/194 MP: 32/32
 63360 | Elf:3    | Escaped the Abyss
 63571 | Elf:2    | Reached skill level 10 in Dodging
 64373 | Elf:3    | Got a transparent lead amulet
 64433 | Elf:3    | Identified the amulet "Lydghul" {Gourm rPois rC+} (You took it off a deep elf high priest on level 3 of the Elven Halls)
 64597 | Elf:3    | Identified the Disquisition on Supportive Changing
 64903 | Depths:1 | Entered Level 1 of the Depths
 65345 | Depths:1 | Reached skill level 20 in Fighting
 65707 | Depths:1 | Found Oniad's General Store.
 65882 | Depths:1 | Noticed a juggernaut
 65882 | Depths:1 | Noticed a caustic shrike
 66267 | Depths:2 | Noticed Saint Roka
 66289 | Depths:2 | Killed Saint Roka
 66573 | Depths:2 | Found Taqucvio's Antique Weapon Shop.
 66658 | Depths:2 | Found Ravipp's Antique Armour Shop.
 66673 | Depths:2 | Reached skill level 1 in Translocations
 66690 | Depths:2 | Bought a pair of glowing gloves for 217 gold pieces
 66874 | Depths:2 | Found a one-way gate leading to the halls of Pandemonium.
 66929 | Depths:2 | Reached XP level 24. HP: 201/205 MP: 32/32
 67217 | Depths:2 | Found a one-way gate to the infinite horrors of the Abyss.
 67217 | Depths:2 | Noticed a juggernaut
 67226 | Depths:2 | Killed a juggernaut
 67296 | Depths:2 | Voluntarily entered the Abyss.
 67367 | Abyss:1  | Killed Agnes
 67540 | Depths:2 | Escaped the Abyss
 67797 | Depths:2 | Voluntarily entered the Abyss.
 67839 | Abyss:1  | Killed Azrael
 68052 | Abyss:3  | Found a viscous altar of Jiyva.
 68119 | Abyss:3  | Got an abyssal rune of Zot
 68125 | Depths:2 | Escaped the Abyss
 68342 | Depths:2 | Reached skill level 5 in Translocations
 68392 | Depths:2 | Noticed a golden dragon
 68406 | Depths:2 | Killed a golden dragon
 68491 | Depths:2 | Identified the Grimoire of Toxins
 68618 | Depths:2 | Gained mutation: You are partially covered in thin metallic scales. (AC +2) [evolution]
 68768 | Depths:3 | Reached skill level 21 in Fighting
 69031 | Depths:3 | Reached XP level 25. HP: 192/214 MP: 30/32
 69618 | Depths:3 | Found a gateway to a ziggurat.
 70096 | Depths:4 | Noticed the Enchantress
 70122 | Depths:4 | Killed the Enchantress
 70148 | Depths:4 | Got faerie dragon scales
 70159 | Depths:4 | Identified the +4 faerie dragon scales {rElec rC++ Regen+ rCorr Dex+4} (You took it off the Enchantress on level 4 of the Depths)
 70363 | Depths:4 | Reached skill level 22 in Fighting
 70506 | Depths:4 | Got an ancient amber ring
 70509 | Depths:4 | Identified the ring "Nioxynui" {EV+4 Str+4} (You found it on level 4 of the Depths)
 70706 | Depths:4 | Found a snail-covered altar of Cheibriados.
 70883 | Depths:4 | You fall through a shaft!
 70883 | Depths:5 | Entered Level 5 of the Depths
 70900 | Depths:5 | Reached XP level 26. HP: 219/226 MP: 32/32
 71080 | Depths:4 | You fall through a shaft!
 71529 | Depths:5 | Reached skill level 23 in Fighting
 71995 | Depths:5 | Found a gate to the Realm of Zot.
 72071 | Depths:5 | Found a sparkling altar of Nemelex Xobeh.
 72110 | Zot:1    | Entered Level 1 of the Realm of Zot
 72198 | Zot:1    | Reached skill level 10 in Translocations
 72299 | Zot:3    | Noticed a Killer Klown
 72313 | Zot:3    | Killed a Killer Klown
 72420 | Zot:3    | Reached XP level 27. HP: 232/237 MP: 32/32
 72480 | Zot:2    | Reached skill level 24 in Fighting
 72732 | Zot:5    | Entered Level 5 of the Realm of Zot
 73066 | Zot:5    | Reached skill level 15 in Dodging
 73243 | Zot:5    | Noticed an ancient lich
 73247 | Zot:5    | Cast into level 5 of the Abyss (an ancient lich)
 73247 | Abyss:5  | Entered Level 5 of the Abyss
 73247 | Abyss:5  | Found a corrupted altar of Lugonu.
 73248 | Zot:5    | Escaped the Abyss
 73250 | Zot:5    | Killed an ancient lich
 73289 | Zot:5    | Noticed an ancient lich
 73303 | Zot:5    | Killed an ancient lich
 73303 | Zot:5    | Reached skill level 25 in Fighting
 73399 | Zot:5    | Noticed an orb of fire
 73404 | Zot:5    | Lost mutation: Your mind is acute. (Int +2) [an orb of fire]
 73411 | Zot:5    | Killed an orb of fire
 73559 | Zot:5    | Noticed an orb of fire
 73559 | Zot:5    | Gained mutation: You do not regenerate when monsters are visible. [an orb of fire]
 73564 | Zot:5    | Gained mutation: Your body often deteriorates upon taking damage. [an orb of fire]
 73575 | Zot:5    | Gained mutation: You expend magic power (3 MP) to strengthen your wands. [an orb of fire]
 73585 | Zot:5    | Killed an orb of fire
 73843 | Zot:5    | Got the Orb of Zot
 73853 | Zot:5    | Noticed a seraph
 73854 | Zot:5    | Corrupted Zot:5
 73868 | Zot:5    | Killed a seraph
 73895 | Zot:5    | Noticed an ancient lich
 73963 | Zot:1    | Gained mutation: Scrolls take you longer to read. [a neqoxec]
 74001 | Depths:3 | Corrupted Depths:3
 74111 | D:14     | Noticed Zukh the pandemonium lord
 74161 | D:12     | Gained mutation: Your magical capacity is low. (-10% MP) [a neqoxec]
 74372 | D:$      | Escaped with the Orb!

Vault maps used:
D:1:      mrwooster_arrival_arrow, minmay_pentomino_s2
D:2:      palyth_stone_intersect, st_stairs_5, kennysheep_generic_room_5
D:3:      first_bread, serial_forest, infiniplex_forest_end_1,
          infiniplex_forest_straight_2, infiniplex_forest_fountain,
          infiniplex_forest_lined_room_2, infiniplex_forest_diagonal,
          infiniplex_forest_lined_3_way
D:4:      lemuel_round_altar, minivault_11, kennysheep_windowed_goal,
          uniq_blork_the_orc, uniq_natasha, uniq_grinder, uniq_pikel
D:5:      temple_doors_ab, serial_shops, shop, kennysheep_mini_moat, shop,
          shop_fountains, shop
D:6:      lemuel_ratsnest, minmay_gold_behind_fungi
D:7:      nicolae_underground_beach
D:8:      lair_entry_dummy, special_room, serial_shops, shop,
          hangedman_pestilent_swarm
D:9:      kennysheep_pointless_box, corexii_hall_statues_t
D:10:     david_orc_1_choice, evilmike_ruin_ashenzari
D:11:     serial_shops, shop, shop, nicolae_shop_stone, shop_fountains,
          nicolae_shop_overgrown_old_shop, minmay_misc_feat_iff
D:12:     basic_altar, serial_shops, shop, shop_fountains, kennysheep_mini,
          shop, lemuel_oklob_altar, uniq_azrael
D:13:     serial_shops, kennysheep_little_box, eino_tiny_chamber, uniq_maurice
D:14:     minmay_the_grid_octo_triangle, david_vaults_1, serial_shops, shop,
          nicolae_shop_stone, nicolae_shop_window_shopping, shop,
          nicolae_shop_trees, minmay_misc_feat_doors, lemuel_hellish_altar,
          uniq_agnes
D:15:     hangedman_depths_entry_try_elsewhere_first, tso_altar, minivault_10,
          uniq_rupert
Temple:   roderic_octagonal_lattice_temple
Lair:1:   worms_lemuel, infiniplex_staircase_pool, lemuel_fruit_fields
Lair:2:   eino_small_chamber_without_monster
Lair:3:   dummy_spider_entry, beast_lair_carwin_2, minmay_lair_oklob_chamber,
          wad_woods_river_01
Lair:4:   elwin_shoals_entry_rooms, basic_altar, kennysheep_basilisk_garden
Lair:5:   minmay_slime_entry_pillars, lemuel_old_faithful
Lair:6:   evil_forest, st_stairs_8, uniq_nessos
Shoals:1: uniq_louise
Shoals:3: serial_shops, nicolae_shop_crystal, nicolae_shop_window_shopping,
          uniq_roxanne, uniq_ilsuiw
Shoals:4: shoals_end_simple, shoals_ilsuiw_ice
Spider:2: hangedman_spider_trapstep, uniq_asterion
Spider:4: grunt_spider_rune_circles
Orc:1:    serial_shops, shop
Orc:2:    grunt_orc_gardens, grunt_orc_garden, grunt_orc_garden,
          grunt_orc_garden, grunt_orc_garden
Elf:1:    eino_elf_arrival_the_gate, serial_shops, nicolae_shop_waterfront,
          hangedman_elven_crosses_minicolossus
Elf:2:    serial_shops, nicolae_shop_crystal, corner_web_ring, minivault_16,
          minivault_4, fountainhead
Elf:3:    minmay_elf_hall_not_hex, small_statue_intersection
Vaults:1: nicolae_vaults_network_quinsquares, v_misc_29, v_misc_30,
          ontoclasm_vaults_decontamination, ontoclasm_vaults_claustrophobia,
          vaults_room_grunt_arrival_checkpoint, v_misc_14,
          nicolae_vaults_twisting_passages, vaults_room_glass_cross,
          grunt_vaults_hallway_long, nicolae_vaults_three_branches,
          ontoclasm_vaults_hangar, mu_enter_wizlab_4, serial_shops,
          bzr_entry_lakeside, uniq_nikola
Vaults:2: nicolae_vaults_mini_display_case, hangedman_vaults_slither,
          dpeg_vaults_monster_box, hangedman_vaults_nails,
          nicolae_vaults_ninety_degrees, nicolae_vaults_inception_statues,
          nicolae_vaults_little_squares_4, grunt_vaults_trifunnel,
          minmay_crypt_entry_necro_gods, serial_shops, bzr_entry_road
Vaults:3: ontoclasm_vaults_ligature, hangedman_vaults_nodes, v_misc_23,
          vaults_mumra_bighexcomb, v_misc_1, vaults_dpeg_ring,
          hangedman_vaults_unwind, hangedman_vaults_maws, grunt_vaults_focal,
          vaults_dpeg_diagonal, v_misc_11, nicolae_vaults_sealed_display,
          nicolae_vaults_theta
Vaults:4: v_misc_28, vaults_standard_mumra_lines, v_misc_2,
          ontoclasm_vaults_gateway, vaults_mumra_chevron,
          hangedman_vaults_restitches, nicolae_vaults_ring_of_whatevers,
          vaults_room_pool
Depths:1: corexii_hall_statues_x, hell_entry, serial_shops, shop,
          minmay_misc_feat_diagonals, minmay_crystal_water,
          kennysheep_big_empty_room, minivault_12, grunt_megastairs_2
Depths:2: minmay_nine_rooms, grunt_pan_entry_spiral, minmay_tree_intersection,
          serial_shops, shop, shop, abyss_entry, hell_entry,
          serial_sigils_hangedman_carve, infiniplex_staircase_pool_2,
          uniq_saint_roka
Depths:3: grunt_bruiser_brothers, enter_ziggurat_e, minmay_misc_feat_tower,
          grunt_pan_entry_zigzag, pf_coc_iceberg
Depths:4: grunt_house_of_mirrors, serial_sigils, serial_sigils_hangedman_writhe,
          serial_sigils_hangedman_gut, serial_sigils_hangedman_confine,
          serial_sigils_hangedman_leer, rand_demon_pan_entry_9, hell_entry,
          abyss_entry, cheibriados_altar_1, kennysheep_generic_room_2,
          infiniplex_staircase_pool_lava, uniq_enchantress
Depths:5: grunt_zot_entry_funnels, hangedman_decor_push, lightli_too_deep,
          nemelex_diamond_rough_becter, serial_bayou_shore_b
Zot:1:    lemuel_baited_zot_trap
Zot:2:    st_large_dragon_hoard_1
Zot:3:    grunt_megastairs_5
Zot:4:    hangedman_orp_of_zott
Abyss:2:  evilmike_abyss_exit_4
Abyss:3:  onia_ninara_dug_in_and_dangerous, hangedman_decor_riveting,
          evilmike_abyss_exit_glass, nicolae_abyss_rune_left_handed,
          evilmike_abyss_exit_vortex, serial_sigils_hangedman_gut
Abyss:4:  abyss_furniture_001, grunt_abyss_rune_forest_and_sorcery,
          evilmike_abyss_exit_12
Abyss:5:  guppyfry_abyss_exit_glass_guarded
Bazaar:   bazaar_long_row
WizLab:   wizlab_zonguldrok

Skill      XL: |  1  2  3  4  5  6  7  8  9 10 11 12 13 14 15 16 17 18 19 20 21 22 23 24 25 26 27 |
---------------+----------------------------------------------------------------------------------+-----
Axes           | 3 4 5 7 8 9 10 11 12 13 15 16 17 18 19 20 21 | 21.4
Shields        | 2 5 9 |  9.4
Invocations    | 3 4 6 7 8 10 11 12 | 12.1
Fighting       | 4 6 7 9 10 11 13 14 15 16 17 18 19 20 21 22 23 25 | 25.8
Armour         | 6 8 10 11 12 13 14 15 16 17 18 | 18.7
Evocations     | 4 5 7 |  7.4
Dodging        | 4 6 7 8 9 11 12 13 14 16 | 16.0
Crossbows      | 1 3 |  3.2
Charms         | 4 7 9 |  9.6
Necromancy     | 4 7 9 |  9.7
Translocations | 1 6 8 10 | 10.5

Action                   |  1- 3 |  4- 6 |  7- 9 | 10-12 | 13-15 | 16-18 | 19-21 | 22-24 | 25-27 || total
-------------------------+-------+-------+-------+-------+-------+-------+-------+-------+-------++-------
Melee: Hand axe          |   106 |   195 |   140 |     9 |       |       |       |       |       ||   450
       War axe           |       |       |   426 |   947 |  1008 |       |       |       |       ||  2381
       Broad axe         |       |       |       |       |   449 |  1263 |       |       |       ||  1712
       Battleaxe         |       |       |       |       |       |   317 |  1290 |   505 |    20 ||  2132
       Executioner's axe |       |       |       |       |       |       |       |   729 |  1066 ||  1795
 Fire: Hunting sling     |       |     2 |       |       |    38 |       |       |       |       ||    40
 Cast: Regeneration      |       |       |       |       |       |       |    10 |    69 |    56 ||   135
       Apportation       |       |       |       |       |       |       |       |     4 |     1 ||     5
Invok: Bend Space        |       |       |     2 |    12 |    16 |     1 |       |     1 |     2 ||    34
       Banish            |       |       |     3 |    14 |    11 |     1 |     6 |     5 |       ||    40
       Brand Weapon With |       |       |       |       |       |       |     1 |       |       ||     1
       Depart the Abyss  |       |       |       |       |       |       |       |     3 |     1 ||     4
       Enter the Abyss   |       |       |       |       |       |       |       |     1 |       ||     1
       Corrupt           |       |       |       |       |       |       |       |       |     2 ||     2
 Abil: Dig               |       |       |     3 |       |     5 |     4 |     2 |     7 |     5 ||    26
       Shaft Self        |       |       |     1 |     1 |       |       |       |       |       ||     2
       Evoke Flight      |       |       |       |       |       |    36 |       |       |       ||    36
       Evoke Invisibilit |       |       |       |       |       |    13 |     1 |       |       ||    14
       Stop Flying       |       |       |       |       |       |     2 |       |       |       ||     2
Evoke: Wand              |       |     2 |     2 |     3 |    16 |     5 |     1 |       |     3 ||    32
       Lightning rod     |       |       |       |       |       |     4 |     1 |       |       ||     5
       Sack of spiders   |       |       |       |       |       |       |     1 |       |       ||     1
       Box of beasts     |       |       |       |       |       |       |       |       |     2 ||     2
  Use: Scroll            |       |     2 |     6 |    17 |    12 |     8 |    10 |    13 |    11 ||    79
       Potion            |       |       |     1 |     4 |       |     2 |     6 |     3 |     1 ||    17
 Stab: Confused          |       |       |       |       |    12 |     1 |     1 |       |       ||    14
       Petrified         |       |       |       |       |    10 |       |     7 |     1 |       ||    18
       Invisible         |       |       |       |       |       |    40 |       |       |       ||    40
       Held in net/web   |       |       |       |       |       |     1 |       |       |       ||     1
       Paralysed         |       |       |       |       |       |     2 |    12 |       |       ||    14
       Petrifying        |       |       |       |       |       |       |     6 |       |       ||     6
       Distracted        |       |       |       |       |       |       |       |     1 |       ||     1
  Eat: Chunk             |     1 |     8 |    16 |    34 |    54 |    79 |    53 |    65 |    21 ||   331
       Royal jelly       |       |     1 |     2 |     1 |       |       |       |     3 |     7 ||    14
       Fruit             |       |       |       |     4 |     5 |       |       |     2 |       ||    11
       Meat ration       |       |       |       |       |       |       |       |       |     1 ||     1
Armor: Leather armour    |     3 |       |       |       |       |       |       |       |       ||     3
       Ring mail         |    36 |    36 |       |       |       |       |       |       |       ||    72
       Scale mail        |       |    13 |       |   213 |       |       |       |       |       ||   226
       Chain mail        |       |    43 |    34 |       |       |       |       |       |       ||    77
       Plate armour      |       |       |   264 |   153 |   586 |   543 |   390 |   238 |       ||  2174
       Fire dragon scale |       |       |       |       |       |       |       |   165 |   276 ||   441
Dodge: Dodged            |    42 |    84 |   101 |   242 |   240 |   325 |   319 |   389 |   492 ||  2234
Block: Buckler           |     6 |    28 |    75 |    24 |       |       |       |       |       ||   133
       Shield            |       |       |       |   435 |   644 |  1001 |   772 |   739 |   997 ||  4588
       Reflection        |       |       |       |       |       |       |       |     2 |    34 ||    36
